 Dungeon Crawl Stone Soup version 0.21.1-1-g345015f (webtiles) character file.

305 cultivahabas the Ruffian (level 6, -2/61 HPs)
             Began as a Troll Monk on May 21, 2018.
             Slain by Menkaure (19 damage)
             ... on level 4 of the Dungeon.
             The game lasted 00:02:55 (2665 turns).

cultivahabas the Ruffian (Troll Monk)               Turns: 2665, Time: 00:02:56

Health: -2/61      AC:  5    Str: 20    XL:     6   Next: 15%
Magic:  5/5        EV: 11    Int:  6    God:
Gold:   119        SH:  0    Dex: 14    Spells: 5/5 levels left

rFire    . . .     SeeInvis .     - Unarmed
rCold    . . .     Gourm    +   (no shield)
rNeg     . . .     Faith    .   a - +0 robe
rPois    .         Spirit   .   (helmet restricted)
rElec    .         Reflect  .   (no cloak)
rCorr    .         Harm     .   (gloves unavailable)
MR       .....                  (boots unavailable)
Stlth    ++........             (no amulet)
HPRegen  0.60/turn              (no ring)
MPRegen  0.09/turn              (no ring)

@: no status effects
A: large, unfitting armour, claws 3, fast metabolism 3, gourmand, regeneration
1, shaggy fur 1, tough skin 2
a: no special abilities


You were on level 4 of the Dungeon.
You were very full.

You visited 1 branch of the dungeon, and saw 4 of its levels.

You collected 119 gold pieces.

Inventory:

Armour
 a - a +0 robe (worn)
Jewellery
 i - an uncursed ring of ice {unknown}
 l - a +2 ring of strength {unknown}
 r - a +4 amulet of reflection {unknown}
Wands
 o - a wand of polymorph (18)
Scrolls
 d - 3 scrolls of identify {unknown}
 h - 2 scrolls of teleportation {unknown}
 j - a scroll of amnesia {unknown}
 k - 2 scrolls of remove curse {unknown}
 q - a scroll of random uselessness {unknown}
Potions
 c - 3 potions of curing {unknown}
 e - 2 potions of mutation {unknown}
 f - 3 potions of lignification {unknown}
 g - a potion of flight {unknown}
 m - a potion of might {unknown}
 n - a potion of magic {unknown}
 p - a potion of brilliance {unknown}
 s - a potion of heal wounds {unknown}
Comestibles
 b - 7 rations


   Skills:
 + Level 3.4 Fighting
 + Level 3.5 Dodging
 - Level 1.0 Stealth
 * Level 5.4 Unarmed Combat


You had 5 spell levels left.
You didn't know any spells.

Dungeon Overview and Level Annotations

Branches:
Dungeon (4/15)
 Temple: D:4-7

Altars:

Annotations:
D:4 Menkaure


Innate Abilities, Weirdness & Mutations

You are too large for most types of armour.
You have claws for hands.
Your metabolism is lightning-fast.
You like to eat raw meat.
Your natural rate of healing is unusually fast.
You are covered in fur. (AC +1)
You have very tough skin. (AC +2)


Message History

You are too injured to fight recklessly!
You are too injured to fight recklessly!
You are too injured to fight recklessly!
You are too injured to fight recklessly!
You scratch Menkaure but do no damage. You scratch Menkaure but do no damage.
Menkaure points at you and mumbles some strange words.
Pain shoots through your body!
* * * LOW HITPOINT WARNING * * *
An orc comes into view. It is wielding an enchanted hand axe.
You scratch Menkaure.
Menkaure is moderately damaged.
Menkaure hits you.
* * * LOW HITPOINT WARNING * * *
You scratch Menkaure.
Menkaure is heavily damaged.
You barely miss Menkaure.
Menkaure is heavily damaged.
The orc barely misses you. Menkaure hits you!!
You die...

#..#..##.#
#.#
#.....##.#
#+#
##.#..##.#
####.##.##.#
#.$........#
#.##.......#
# #.......+
#[...#.##
#@...#.#
#Mo###.
#.o.o
##.##.. ..
.# ... ..
### #


You could see Menkaure and 3 orcs.

Vanquished Creatures
  An orc priest (D:4)
  2 orc wizards (D:3)
  Natasha (thrice) (D:2)
  A worker ant (D:2)
  4 adders
  An ooze (D:2)
  A worm (D:2)
  3 dart slugs
  3 orcs
  A ball python (D:1)
  6 bats
  2 giant cockroaches (D:3)
  11 goblins
  9 hobgoblins
  3 jackals (D:3)
  A quokka (D:3)
  5 frilled lizards
  5 kobolds (D:1)
  13 rats
75 creatures vanquished.

Notes
Turn   | Place    | Note
-------+----------+-------------------------------------------
     0 | D:1      | cultivahabas the Troll Monk began the quest for the Orb.
     0 | D:1      | Reached XP level 1. HP: 22/22 MP: 0/0
   281 | D:1      | Reached XP level 2. HP: 29/29 MP: 1/1
   637 | D:2      | Reached XP level 3. HP: 18/36 MP: 2/2
   656 | D:2      | Reached skill level 4 in Unarmed Combat
   785 | D:2      | Reached XP level 4. HP: 35/44 MP: 3/3
  1017 | D:2      | Noticed Natasha
  1027 | D:2      | Killed Natasha
  1260 | D:2      | Noticed Natasha
  1266 | D:2      | Killed Natasha
  1266 | D:2      | Reached XP level 5. HP: 53/53 MP: 4/4
  1441 | D:2      | Noticed Natasha
  1449 | D:2      | Killed Natasha
  2060 | D:3      | Reached skill level 5 in Unarmed Combat
  2109 | D:3      | Reached XP level 6. HP: 27/61 MP: 5/5
  2655 | D:4      | Noticed Menkaure
  2665 | D:4      | Slain by Menkaure

Skill      XL: |  1  2  3  4  5 |
---------------+----------------+-----
Unarmed Combat | 4 5 |  5.4
Dodging        | 3 |  3.5
Fighting       | 3 |  3.4
Stealth        | |  1.0

Action                   |  1- 3 |  4- 6 || total
-------------------------+-------+-------++-------
Melee: Unarmed           |    72 |   112 ||   184
       Punch             |       |     1 ||     1
 Stab: Sleeping          |     2 |     4 ||     6
  Eat: Chunk             |    13 |    15 ||    28
Armor: Robe              |    19 |    31 ||    50
Dodge: Dodged            |    33 |    58 ||    91
